 Dungeon Crawl Stone Soup version 0.21.1-1-g345015fe64 (webtiles) character file.

966 Beodren the Slasher (level 7, -8/63 HPs)
             Began as a Minotaur Fighter on Apr 22, 2018.
             Was a Priest of Elyvilon.
             Mangled by an ogre
             ... wielding a +0 giant spiked club
              (22 damage)
             ... on level 5 of the Dungeon.
             The game lasted 00:17:34 (5157 turns).

Beodren the Slasher (Minotaur Fighter)              Turns: 5157, Time: 00:17:34

Health: -8/63      AC:  7    Str: 23    XL:     7   Next: 93%
Magic:  6/6        EV:  8    Int:  5    God:    Elyvilon [***...]
Gold:   298        SH: 10    Dex:  9    Spells: 6/6 levels left

rFire    . . .     SeeInvis .   a - +0 long sword
rCold    . . .     Gourm    .   c - +0 shield
rNeg     . . .     Faith    .   b - +0 scale mail
rPois    .         Spirit   .   (helmet restricted)
rElec    .         Reflect  .   (no cloak)
rCorr    .         Harm     .   (no gloves)
MR       .....                  (no boots)
Stlth    ..........             (no amulet)
HPRegen  0.20/turn              n - ring of wizardry
MPRegen  0.10/turn              (no ring)

@: no status effects
A: retaliatory headbutt, horns 2
a: Lesser Healing, Heal Other, Purification, Divine Protection, Renounce
Religion


You were on level 5 of the Dungeon.
You worshipped Elyvilon.
Elyvilon was most pleased with you.
You were not hungry.

You visited 1 branch of the dungeon, and saw 5 of its levels.

You collected 298 gold pieces.

Inventory:

Hand Weapons
 a - a +0 long sword (weapon)
Armour
 b - a +0 scale mail (worn)
 c - a +0 shield (worn)
 g - a +0 helmet
Jewellery
 n - a ring of wizardry (left hand)
Wands
 t - a wand of polymorph (8)
Scrolls
 e - 6 scrolls of identify {unknown}
 h - 5 scrolls of remove curse {unknown}
 j - a scroll of fog {unknown}
 k - 2 scrolls of fear {unknown}
 l - a scroll of blinking {unknown}
 o - 3 scrolls of teleportation {unknown}
 q - a scroll of amnesia {unknown}
 r - a scroll of enchant weapon {unknown}
Potions
 i - 2 potions of heal wounds {unknown}
 m - a potion of lignification {unknown}
 p - 2 potions of degeneration {unknown}
 s - 3 potions of magic {unknown}
 u - a potion of mutation {unknown}
 v - 2 potions of curing {unknown}
 w - 3 potions of brilliance {unknown}
Comestibles
 f - 6 rations


   Skills:
 * Level 6.2 Fighting
 + Level 7.1 Long Blades
 + Level 5.8 Armour
 - Level 1.0 Dodging
 - Level 1.0 Stealth
 + Level 5.7 Shields
 + Level 0.9 Invocations


You had 6 spell levels left.
You didn't know any spells.

Dungeon Overview and Level Annotations

Branches:
Dungeon (5/15)
 Temple: D:4-7

Altars:
Elyvilon
Kikubaaqudgha
Okawaru
Qazlal
Ru
Trog
Yredelemnul
Zin
The Shining One


Innate Abilities, Weirdness & Mutations

You reflexively headbutt those who attack you in melee.
You have a pair of horns on your head.


Message History

Found 21 stones.
You eat one of the 7 rations.
That ration really hit the spot!
Found a stone staircase leading down.
You open the door.
There is an open door here.
You open the door.
An ogre comes into view. It is wielding a giant spiked club.
There is an open door here.
The ogre hits you with a giant spiked club!!
You completely miss the ogre. Your headbutt misses the ogre.
You block the ogre's attack.
You closely miss the ogre. You slash the ogre!
The ogre is heavily wounded.
The ogre hits you with a giant spiked club!!
* * * LOW HITPOINT WARNING * * *
You hit the ogre.
The ogre is severely wounded.
The ogre hits you with a giant spiked club!!
You die...

####+##### #.........
#......... #.@O###+#####
#'###..>.....
..##...#........
.........'........
.........#........######
######
#...##...#........#.....
.....#
##########........#.....
.....#
#.........#####.....
.....# #.........#
#......


You could see an ogre.

Vanquished Creatures
  The ghost of Beodren the Shield-Bearer, an amateur MiFi of the Shining One (D:5)
  Eustachio (D:5)
  A phantom (D:5)
  2 ogres
  A centaur zombie (D:5)
  A hound (D:5)
  2 orc wizards
  A worker ant (D:5)
  3 gnolls (D:5)
  7 adders
  A shadow imp (D:5)
  An ooze (D:3)
  An adder skeleton (D:5)
  2 worms
  A leopard gecko (D:1)
  10 orcs
  3 giant cockroaches
  9 goblins
  13 hobgoblins
  10 jackals
  7 kobolds
  2 quokkas
  A ball python (D:5)
  6 bats
  3 frilled lizards
  13 rats
  2 bushes (D:2)
  2 plants (D:2)
107 creatures vanquished.

Notes
Turn   | Place    | Note
-------+----------+-------------------------------------------
     0 | D:1      | Beodren the Minotaur Fighter began the quest for the Orb.
     0 | D:1      | Reached XP level 1. HP: 19/19 MP: 0/0
   106 | D:1      | Reached XP level 2. HP: 25/27 MP: 1/1
   866 | D:1      | Reached XP level 3. HP: 33/33 MP: 2/2
   908 | D:2      | Found a sacrificial altar of Ru.
   929 | D:2      | Reached skill level 3 in Long Blades
  1242 | D:2      | Found a white marble altar of Elyvilon.
  1337 | D:2      | Became a worshipper of Elyvilon the Healer
  1655 | D:2      | Reached XP level 4. HP: 39/41 MP: 3/3
  2190 | D:3      | Reached * piety under Elyvilon
  2402 | D:3      | Found an iron altar of Okawaru.
  2453 | D:3      | Reached skill level 1 in Dodging
  2524 | D:3      | Reached XP level 5. HP: 44/47 MP: 4/4
  2601 | D:3      | Reached ** piety under Elyvilon
  3158 | D:4      | Reached skill level 4 in Long Blades
  3177 | D:4      | Found a faded altar of an unknown god.
  3177 | D:4      | Found a glowing golden altar of the Shining One.
  3185 | D:4      | Found a bloodstained altar of Trog.
  3198 | D:4      | Found an ancient bone altar of Kikubaaqudgha.
  3200 | D:4      | Found a faded altar of an unknown god.
  3539 | D:4      | Found a glowing silver altar of Zin.
  3539 | D:4      | Found a stormy altar of Qazlal.
  3546 | D:4      | Noticed an ogre
  3553 | D:4      | Killed an ogre
  3553 | D:4      | Reached skill level 5 in Fighting
  3553 | D:4      | Reached skill level 5 in Long Blades
  3553 | D:4      | Reached skill level 5 in Shields
  3553 | D:4      | Reached XP level 6. HP: 20/56 MP: 5/5
  3628 | D:4      | Reached *** piety under Elyvilon
  4020 | D:5      | Entered Level 5 of the Dungeon
  4536 | D:5      | Found a basalt altar of Yredelemnul.
  4537 | D:5      | Noticed Beodren's ghost (amateur MiFi)
  4551 | D:5      | Killed Beodren's ghost
  4551 | D:5      | Reached skill level 6 in Long Blades
  4551 | D:5      | Reached skill level 5 in Armour
  4551 | D:5      | Reached XP level 7. HP: 60/62 MP: 6/6
  4745 | D:5      | Reached skill level 1 in Stealth
  4776 | D:5      | Noticed Eustachio
  4787 | D:5      | Killed Eustachio
  4787 | D:5      | Reached skill level 7 in Long Blades
  5157 | D:5      | Mangled by an ogre

Skill      XL: |  1  2  3  4  5  6  7 |
---------------+----------------------+-----
Armour         | 4 5 |  5.8
Shields        | 4 5 |  5.7
Long Blades    | 3 5 6 7 |  7.1
Fighting       | 4 5 6 |  6.2
Dodging        | 1 |  1.0
Stealth        | 1 |  1.0
Invocations    | |  0.9

Action                   |  1- 3 |  4- 6 |  7- 9 || total
-------------------------+-------+-------+-------++-------
Melee: Long sword        |   264 |   138 |    36 ||   438
       Headbutt          |    77 |    28 |     8 ||   113
Invok: Lesser Healing    |       |     4 |       ||     4
  Use: Potion            |       |     2 |       ||     2
  Eat: Chunk             |     2 |     2 |       ||     4
       Ration            |       |     3 |     1 ||     4
Armor: Scale mail        |    44 |    45 |    10 ||    99
Dodge: Dodged            |    30 |    40 |    11 ||    81
Block: Shield            |    62 |    67 |    26 ||   155
       Rpst.: Long sword |     5 |    16 |     6 ||    27
